 Dungeon Crawl Stone Soup version 0.30-a0-715-gdb4ae3ece1 (webtiles) character file.

Game seed: 1662901910051557702

167 Newt the Shooter (level 5, -9/35 HPs)
             Began as a Kobold Hunter on Jan 24, 2023.
             Killed by divine providence
             ... invoked by an orc priest
              (14 damage)
             ... on level 4 of the Dungeon.
             The game lasted 00:02:23 (2938 turns).

Newt the Shooter (Kobold Hunter)                    Turns: 2938, Time: 00:02:23

Health: -9/35      AC:  5    Str:  8    XL:     5   Next: 76%
Magic:  5/5        EV: 14    Int: 10    God:
Gold:   174        SH:  0    Dex: 21    Spells: 4/4 levels left

rFire   . . .      SeeInvis +    e - +4 arbalest (freeze)
rCold   . . .      Faith    .    (shield currently unavailable)
rNeg    . . .      Spirit   .    c - +0 leather armour
rPois   .          Reflect  .    (no helmet)
rElec   .          Harm     .    m - +1 cloak
rCorr   .          Rampage  .    (no gloves)
Will    .....                    (no boots)
Stlth   +++                      (no amulet)
HPRegen 0.25/turn                o - ring of see invisible
MPRegen 0.09/turn                (no ring)

@: no status effects
A: small, no large weapons, nightstalker 3
a: no special abilities


You were on level 4 of the Dungeon.
You visited 1 branch of the dungeon, and saw 4 of its levels.

You collected 174 gold pieces.

Inventory:

Hand Weapons
 a - a +1 shortbow
 e - a +4 arbalest of freezing (weapon)
Missiles
 s - a throwing net
Armour
 c - a +0 leather armour (worn)
 m - a +1 cloak (worn)
Jewellery
 o - a ring of see invisible (left hand)
Wands
 t - a wand of polymorph (11)
Scrolls
 b - 2 scrolls of immolation
 d - a scroll of torment
 j - a scroll of silence {unknown}
 n - a scroll of teleportation
 p - a scroll of amnesia {unknown}
 r - 2 scrolls of blinking {unknown}
Potions
 f - 2 potions of flight
 g - a potion of brilliance
 h - 2 potions of curing
 i - a potion of invisibility
 k - a potion of resistance {unknown}
 l - a potion of lignification
 q - a potion of degeneration {unknown}


   Skills:
 - Level 5.0 Fighting
 + Level 6.7 Ranged Weapons
 - Level 2.4 Dodging
 - Level 1.3 Stealth


You had 4 spell levels left.
You didn't know any spells.
Your spell library contained the following spells:

 Spells                   Type           Power      Damage    Failure   Level
 Freeze                   Ice            0%         1d3       50%         1
 Frozen Ramparts          Ice            0%         1d1       86%         3
 Hailstorm                Conj/Ice       0%         3d3       86%         3
 Ignite Poison            Fire/Tmut/Pois 0%         N/A       86%         3
 Portal Projectile        Hex/Tloc       0%         N/A       86%         3
 Tukima's Dance           Hex            0%         N/A       86%         3
 Sticky Flame             Conj/Fire      0%         2d3       99%         4
 Blade Hands              Tmut           0%         N/A       100%        5
 Ignition                 Fire           0%         3d3       100%        8


Dungeon Overview and Level Annotations

Branches:
Dungeon (4/15)
 Temple: D:4-7

Altars:
Zin

Shops:
D:3 (   D:4 (


Innate Abilities, Weirdness & Mutations

You are small and have problems with some larger weapons.
You are completely attuned to the shadows.


Message History

The orc wizard flickers and vanishes for a moment.
The adder attacks as you move away! The adder bites you.
The adder barely misses you. The adder barely misses you.
The adder attacks as you move away! The adder barely misses you.
The adder bites you but does no damage. The adder attacks as you move away!
The adder bites you. The adder bites you but does no damage.
Fire: e) +4 arbalest (freeze)
Press: ? - help, Q - select action, (/) - cycle Shift-Dir - straight line, f/p - orc wizard
Aim: an orc wizard, wielding a +0 dagger and wearing a +0 robe (lightly wounded, slightly transparent, 61% to hit)
You shoot a bolt. The bolt hits the adder!
The adder seems to slow down.
The bolt freezes the adder.
You kill the adder!
Fire: e) +4 arbalest (freeze)
Press: ? - help, Q - select action, (/) - cycle Shift-Dir - straight line, f - orc priest, p - orc wizard
Aim: an orc priest, wielding a +0 club (67% to hit)
You shoot a bolt. The bolt hits the orc wizard!
The bolt freezes the orc wizard.
You kill the orc wizard!
The orc priest invokes the aid of Beogh against you.
Beogh smites you!
* * * LOW HITPOINT WARNING * * *
Fire: e) +4 arbalest (freeze)
Press: ? - help, Q - select action, (/) - cycle Shift-Dir - straight line, f/p - orc priest
Aim: an orc priest, wielding a +0 club (67% to hit)
You shoot a bolt. The bolt closely misses the orc.
The bolt closely misses the orc priest.
The orc barely misses you. x2
The orc priest looks braver for a moment.
Fire: e) +4 arbalest (freeze)
Press: ? - help, Q - select action, (/) - cycle Shift-Dir - straight line, f/p - orc priest
Aim: an orc priest, wielding a +0 club (67% to hit)
You shoot a bolt. The bolt hits the orc priest!
The bolt freezes the orc priest.
The orc priest is heavily wounded.
The orc barely misses you.
The orc priest mumbles some strange prayers to Beogh against you.
Beogh smites you!
You die...

.## #.........#
..####### #.........#
........######.........#
...####...[.##.........#
...# #####.........[..#
).## ####.........# .##
#.........# ..
#.........# #..@......#
#..o......# ####o######
##..### ....?# #.....#
.....# ##.....#
.....###......#
.....##..#.####
.............#


You could see an orc priest and an orc.

Vanquished Creatures
  An orc wizard (D:4)
  4 gnolls
  6 adders
  A dart slug (D:3)
  An orc (D:3)
  An endoplasm (D:2)
  A giant cockroach (D:3)
  5 goblins
  6 hobgoblins
  4 jackals (D:1)
  4 kobolds
  A quokka (D:1)
  3 ball pythons
  5 bats
  2 frilled lizards
  6 rats
51 creatures vanquished.

Notes
Turn   | Place    | Note
-------+----------+-------------------------------------------
     0 | D:1      | Newt the Kobold Hunter began the quest for the Orb.
     0 | D:1      | Reached XP level 1. HP: 12/12 MP: 1/1
   129 | D:1      | Reached XP level 2. HP: 14/19 MP: 2/2
   197 | D:1      | Reached XP level 3. HP: 20/23 MP: 3/3
  1077 | D:2      | Reached XP level 4. HP: 30/30 MP: 4/4
  1498 | D:2      | Identified a scroll of acquirement
  1498 | D:2      | Acquired a +4 arbalest of freezing
  1919 | D:3      | Found a glowing silver altar of Zin.
  2063 | D:3      | Found Xauserr's Antique Weapon Emporium.
  2493 | D:3      | Reached skill level 5 in Fighting
  2804 | D:4      | Reached XP level 5. HP: 35/35 MP: 5/5
  2815 | D:4      | Reached skill level 6 in Ranged Weapons
  2845 | D:4      | Found Loilitz's Weapon Emporium.
  2938 | D:4      | Killed from afar by an orc priest

Illustrated notes

Levels and vault maps discovered:
D:1:      psy_arrival_fountain, layout_loops_cross,
          chequers_serial_rivers_micro_d
D:2:      layout_basic, supply_closet_lemuel
D:3:      layout_basic, zin_statuary, serial_shops, nicolae_shop_behind_doors
D:4:      layout_rooms, serial_shops, nicolae_shop_bloodbath_and_beyond

Skill      XL: |  1  2  3  4  5 |
---------------+----------------+-----
Fighting       | 3 4 5 |  5.0
Ranged Weapons | 6 |  6.7
Dodging        | |  2.4
Stealth        | |  1.3

Action                     |  1- 3 |  4- 6 || total
---------------------------+-------+-------++-------
   Fire: Shortbow          |    66 |     9 ||    75
         Arbalest          |       |    37 ||    37
    Use: Scroll            |     6 |     4 ||    10
         Potion            |       |     2 ||     2
 Armour: Leather armour    |     8 |     5 ||    13
  Dodge: Dodged            |    32 |    24 ||    56

Table legend: (Time is in decaauts)
 A = Elapsed time spent in this place.
 B = Non-inter-level travel time spent in this place.
 C = Inter-level travel time spent in this place.
 D = Time resting spent in this place.
 E = Time spent auto-exploring this place.
 F = Levels seen in this place.
 G = Mean time per level.
                   A        B        C        D        E       F      G
               +--------+--------+--------+--------+--------+-----+--------+
         Total |   2982 |   2891 |     91 |    124 |   2469 |   4 |  745.5 |
       Dungeon |   2982 |   2891 |     91 |    124 |   2469 |   4 |  745.5 |
               +--------+--------+--------+--------+--------+-----+--------+

Top non-repeatable levels by time:
     D:2: 1111 daAuts
     D:3: 897 daAuts
     D:1: 815 daAuts
     D:4: 158 daAuts
